 Dungeon Crawl Stone Soup version 0.19-a0-45-g2c295ea (webtiles) character file.

4000 kae the Basher (level 10, -3/88 HPs)
             Began as a Minotaur Fighter on May 5, 2016.
             Was a Believer of Qazlal.
             Slain by PeiBankuEbiMamku's ghost (5 damage)
             ... on level 8 of the Dungeon.
             The game lasted 00:10:26 (6963 turns).

kae the Basher (Minotaur Fighter)                   Turns: 6963, Time: 00:10:27

Health: -3/88      AC: 12    Str: 22    XL:     10   Next: 3%
Magic:  12/12      EV:  2    Int:  7    God:    Qazlal [**....]
Gold:   283        SH:  0    Dex: 10    Spells: 0 memorised, 9 levels left

rFire  + . .     SeeInvis .     i - +5 whip (elec)
rCold  . . .     Gourm    .     b - +0 scale mail
rNeg   + + +     Faith    .     c - +0 shield
rPois  ∞         Spirit   .     (helmet restricted)
rElec  .         Dismiss  .     t - +0 cloak
rCorr  .         Reflect  .     (no gloves)
SustAt .         Harm     .     (no boots)
MR     .....                    (no amulet)
Stlth  ..........               x - ring of protection from fire
                                q - +4 ring of protection

@: petrified, slowed, not resistant to hostile enchantments, extremely
unstealthy
A: retaliatory headbutt, horns 2
a: Upheaval, Renounce Religion


You were on level 8 of the Dungeon.
You worshipped Qazlal.
Qazlal was pleased with you.
You were near starving.

You visited 2 branches of the dungeon, and saw 9 of its levels.
You also visited: Sewer.

You collected 283 gold pieces.

Inventory:

Hand Weapons
 i - a +5 whip of electrocution (weapon)
Armour
 b - a +0 scale mail (worn)
 c - a +0 shield (worn)
 t - a +0 cloak (worn)
Jewellery
 m - an uncursed amulet of dismissal
 p - an uncursed amulet of harm
 q - a +4 ring of protection (left hand)
 x - a ring of protection from fire (right hand)
 A - an uncursed ring of fire
 I - an uncursed ring of ice
 J - an uncursed ring of protection from magic {unknown}
Wands
 s - a wand of hasting (4/9)
Scrolls
 a - a scroll of fear
 e - 2 scrolls of teleportation
 u - 3 scrolls of remove curse
 w - a scroll of recharging {unknown}
 F - 2 scrolls of blinking
 H - a scroll of identify
 K - a scroll of magic mapping
Potions
 d - a potion of might
 h - 2 potions of agility
 j - 8 potions of curing
 k - a potion of cancellation {unknown}
 l - a potion of resistance {unknown}
 n - 2 potions of degeneration {unknown}
 o - 3 potions of heal wounds {unknown}
 r - a potion of mutation {unknown}
 B - a potion of lignification {unknown}
 C - 2 potions of haste {unknown}
 D - 3 potions of magic
 E - a potion of flight {unknown}
Books
 y - a book of Clouds

   Spells                             Type                      Level
   a - Mephitic Cloud                 Conjuration/Poison/Air       3
   b - Conjure Flame                  Conjuration/Fire             3
   c - Poisonous Cloud                Conjuration/Poison/Air       6
   d - Freezing Cloud                 Conjuration/Ice/Air          6
   e - Ring of Flames                 Charms/Fire                  7
 z - a book of Burglary

   Spells                             Type                      Level
   a - Swiftness                      Charms/Air                   2
   b - Passwall                       Transmutation/Earth          2
   c - Passage of Golubria            Translocation                4
   d - Lee's Rapid Deconstruction     Earth                        5
   e - Darkness                       Hexes                        6
   f - Invisibility                   Hexes                        6
 G - a book of Beasts

   Spells                             Type                      Level
   a - Summon Butterflies             Summoning                    1
   b - Call Canine Familiar           Summoning                    3
   c - Summon Ice Beast               Ice/Summoning                4
   d - Summon Mana Viper              Hexes/Summoning              5
   e - Summon Hydra                   Summoning                    7
Comestibles
 f - 5 bread rations
 g - 3 meat rations
 v - 3 fruits


   Skills:
 - Level 8.1 Fighting
 - Level 14.2 Maces & Flails
 - Level 3.6 Armour
 - Level 3.6 Shields
 + Level 4.3 Invocations


You had 9 spell levels left.
You didn't know any spells.

Dungeon Overview and Level Annotations

Branches:
Dungeon (8/15)             Temple (1/1) D:5            Lair (0/8) D:8

Altars:
Cheibriados
Dithmenos
Fedhas
Gozag
Makhleb
Okawaru
Pakellas
Qazlal
Ru
Vehumet
Xom
Yredelemnul
The Shining One

Annotations:
D:8 PeiBankuEbiMamku's ghost, novice DsGl


Innate Abilities, Weirdness & Mutations

You reflexively headbutt those who attack you in melee.
You have a pair of horns on your head.


Message History

The basilisk gazes at you. You resist with some effort.
You have turned to stone.
The yak bellows!
PeiBankuEbiMamku's ghost hits you but does no damage.
The basilisk bites you. PeiBankuEbiMamku's ghost hits you!
* * * LOW HITPOINT WARNING * * *
The basilisk gazes at you. You resist with some effort. The yak gores you!
* * * LOW HITPOINT WARNING * * *
PeiBankuEbiMamku's ghost hits you!
* * * LOW HITPOINT WARNING * * *
The basilisk gazes at you. The yak gores you!
* * * LOW HITPOINT WARNING * * *
PeiBankuEbiMamku's ghost hits you!
* * * LOW HITPOINT WARNING * * *
You are electrocuted!
You die...

#.......#..§≈§≈≈.≈≈≈≈§..#
###.##.......§# #+####≈#.#
####......##....## ###.##
#......#####.#..# #..#
#.##.#.#####.#..# ##.#
#.#.......##.# #.#
#.#.########.# #.# #....# ##l##
#.# #.####..# ##.Y@## ######.#
#.......# ##.YWY.## #......#
#####.#.# ##Y.Y....## #..###.#
####..>.###........(####...##.#
....l.WY.t'......<..'.......#.#
####....###.........####......#
##.#.# ##.......## #...##.#
###.# ##.....## #.#.##.# #.#
##...## #......#


You could see 5 yaks, a basilisk, a crocodile and PeiBankuEbiMamku's ghost.

Vanquished Creatures
  Pikel (D:5)
  The ghost of Sl000nik the Skirmisher, a novice GrFi (D:5)
  Sigmund (D:2)
  A yak (D:8)
  2 basilisks (D:8)
  Menkaure (D:4)
  A hungry ghost (D:8)
  A water moccasin (D:6)
  Duvessa (D:6)
  2 orc warriors
  An ice beast (D:6)
  4 slaves (D:5)
  3 ogres
  5 centaurs
  4 giant frogs
  Dowan (D:6)
  2 howler monkeys
  A giant frog zombie (D:7)
  4 crimson imps
  Crazy Yiuf (D:3)
  A hound (D:7)
  3 orc priests
  A centaur skeleton (D:4)
  Natasha (thrice) (D:3)
  4 worker ants
  4 orc wizards
  2 hound skeletons
  A worker ant zombie (D:7)
  Robin (D:2)
  3 gnolls (D:6)
  A howler monkey skeleton (D:4)
  13 adders
  An ooze (D:5)
  4 worms
  17 orcs
  5 ball pythons
  2 giant cockroaches
  9 goblins
  7 hobgoblins
  7 jackals
  9 kobolds
  6 bats
  A giant gecko zombie (D:6)
  14 giant newts
  2 quokka zombies
  5 rats
164 creatures vanquished.

Vanquished Creatures (others)
  2 fungi (D:8)
  9 plants (D:8)
11 creatures vanquished.

Grand Total: 175 creatures vanquished

Notes
Turn   | Place    | Note
--------------------------------------------------------------
     0 | D:1      | kae the Minotaur Fighter began the quest for the Orb.
     0 | D:1      | Reached XP level 1. HP: 19/19 MP: 0/0
   253 | D:1      | Reached skill level 3 in Maces & Flails
   315 | D:1      | Reached XP level 2. HP: 24/26 MP: 1/1
   673 | D:2      | Reached skill level 4 in Maces & Flails
   686 | D:2      | Reached XP level 3. HP: 27/31 MP: 2/2
   741 | D:2      | Noticed Robin
   748 | D:2      | Killed Robin
   904 | D:2      | Found a glowing golden altar of the Shining One.
  1123 | D:2      | Reached skill level 5 in Maces & Flails
  1135 | D:2      | Noticed Sigmund
  1314 | D:2      | Killed Sigmund
  1314 | D:2      | Reached skill level 7 in Maces & Flails
  1314 | D:2      | Reached XP level 4. HP: 32/39 MP: 3/3
  1314 | D:2      | Reached XP level 5. HP: 37/45 MP: 4/4
  1701 | D:3      | Noticed Crazy Yiuf
  1708 | D:3      | Killed Crazy Yiuf
  1793 | D:3      | Reached XP level 6. HP: 51/51 MP: 5/5
  1944 | D:3      | Noticed Natasha
  1954 | D:3      | Killed Natasha
  2040 | D:3      | Found a glowing drain.
  2046 | D:3      | Reached skill level 8 in Maces & Flails
  2055 | Sewer    | Entered a sewer
  2587 | D:3      | Noticed Natasha
  2591 | D:3      | Killed Natasha
  2604 | D:3      | Noticed Natasha
  2607 | D:3      | Killed Natasha
  2647 | D:4      | Found a sacrificial altar of Ru.
  2652 | D:4      | Noticed Menkaure
  2663 | D:4      | Killed Menkaure
  2663 | D:4      | Reached skill level 9 in Maces & Flails
  2663 | D:4      | Reached XP level 7. HP: 56/57 MP: 6/6
  3241 | D:5      | Entered Level 5 of the Dungeon
  3241 | D:5      | Found a staircase to the Ecumenical Temple.
  3258 | D:4      | Reached skill level 10 in Maces & Flails
  3281 | D:5      | Noticed Sl000nik's ghost (novice GrFi)
  3289 | Temple   | Entered the Ecumenical Temple
  3349 | Temple   | Became a worshipper of Qazlal Stormbringer
  3612 | D:5      | Killed Sl000nik's ghost
  3612 | D:5      | Reached skill level 11 in Maces & Flails
  3760 | D:5      | Found a snail-covered altar of Cheibriados.
  3765 | D:5      | Reached XP level 8. HP: 35/64 MP: 7/7
  4351 | D:5      | Noticed Pikel
  4369 | D:5      | Killed Pikel
  4369 | D:5      | Reached skill level 13 in Maces & Flails
  4813 | D:6      | Reached XP level 9. HP: 66/70 MP: 8/8
  4839 | D:6      | Reached skill level 14 in Maces & Flails
  5058 | D:6      | Reached * piety under Qazlal
  5375 | D:6      | Reached skill level 5 in Fighting
  5457 | D:6      | Noticed Dowan
  5458 | D:6      | Noticed Duvessa
  5461 | D:6      | Killed Dowan
  5468 | D:6      | Killed Duvessa
  5900 | D:7      | Found a radiant altar of Vehumet.
  6536 | D:8      | Reached ** piety under Qazlal
  6538 | D:8      | Reached skill level 1 in Invocations
  6786 | D:8      | Found a staircase to the Lair.
  6794 | D:8      | Noticed PeiBankuEbiMamku's ghost (novice DsGl)
  6905 | D:8      | Reached XP level 10. HP: 35/88 MP: 10/12
  6963 | D:8      | HP: 2/88 [PeiBankuEbiMamku's ghost (6)]
  6963 | D:8      | Slain by PeiBankuEbiMamku's ghost

Vault maps used:
D:1:      roderic_octagonal_star
D:2:      tso_altar, uniq_sigmund, uniq_robin
D:3:      first_bread, portal_sewer_entry_d, roderic_ancient_swastika,
          nrook_mini_vaults, uniq_crazy_yiuf_cottage, uniq_natasha
D:4:      nicolae_overflow_hidden_temple, nicolae_ru_awakened_eye, uniq_menkaure
D:5:      minmay_temple_entry_grid, kennysheep_crisscross, cheibriados_altar_1,
          uniq_pikel
D:6:      uniq_duvessa
D:7:      vehumet_crystals
D:8:      good_gods_temple_1, lightli_temple_of_fire,
          nemelex_xobeh_ov_fountains_minmay, minmay_lair_entry_grove
Temple:   triangle_lava_temple_11
Sewer:    sewer_co_cracked_pipes

Skill      XL: |  1  2  3  4  5  6  7  8  9 |
---------------+----------------------------+-----
Maces & Flails | 3 4 7 9 11 13 14 | 14.2
Fighting       | 8 |  8.1
Invocations    | 4 |  4.3
Armour         | |  3.6
Shields        | |  3.6

Action                   |  1- 3 |  4- 6 |  7- 9 | 10-12 || total
-------------------------+-------+-------+-------+-------++-------
Melee: Flail             |    15 |       |       |       ||    15
       Whip              |    62 |   134 |   302 |     7 ||   505
       Headbutt          |    12 |    15 |    48 |     1 ||    76
  Use: Scroll            |       |     3 |    11 |       ||    14
  Eat: Chunk             |       |     4 |    11 |       ||    15
       Beef jerky        |       |     1 |       |       ||     1
       Fruit             |       |       |     2 |       ||     2
Armor: Scale mail        |    29 |    49 |    85 |     7 ||   170
Dodge: Dodged            |    25 |    29 |    38 |       ||    92
Block: Shield            |    21 |    57 |    90 |       ||   168
